 Dungeon Sprint DCSS version 0.31-a0-868-g674d60d6f7 (webtiles) character file.

Game seed: 11315152299246380807

553 rocky1 the Nimble (level 7, -3/54 HPs)
             Began as a Djinni Gladiator on Oct 12, 2023.
             Was an Initiate of Gozag.
             Slain by a polar bear (6 damage)
             ... in the Dungeon (Sprint II: "The Violet Keep of Menkaure").
             The game lasted 00:01:27 (333 turns).

rocky1 the Nimble (Djinni Gladiator)                 Turns: 333, Time: 00:01:27

Health: -3/54      AC:  4    Str: 13    XL:     7   Next: 55%
Gold:   243        EV: 17    Int:  9    God:    Gozag SH:  0 Dex: 17

rFire   + + .        a - +0 long sword
rCold   x . .        (no shield)
rNeg    . . .        b - +0 leather armour
rPois   ∞            c - +0 helmet
rElec   .            (no cloak)
rCorr   .            (no gloves)
SInv    .            (boots unavailable)
Will    .....        (no amulet)
Stlth   +            (no ring)
HPRegen 0.29/turn    (no ring)
MPRegen 0.00/turn

%: no teleportation, infuse magic (-4 HP)
@: flying, hasted, very quick
A: sickness immunity, fire resistance 2, cold vulnerability 1, float, innate
caster, HP casting, extra vitality 1
a: Renounce Religion, Potion Petition, Call Merchant, Bribe Branch


You were in the Dungeon.
You worshipped Gozag.
Gozag was aware of your devotion.
You visited 1 branch You collected 243 gold pieces.

Inventory:

Hand Weapons
 a - a +0 long sword (weapon)
Missiles
 d - 2 throwing nets (quivered)
 e - a javelin
Armour
 b - a +0 leather armour (worn)
 c - a +0 helmet (worn)


   Skills:
 + Level 5.5 Fighting
 + Level 9.5 Long Blades
 + Level 4.2 Throwing
 + Level 3.6 Armour
 + Level 9.8 Dodging


You knew the following spells:

 Your Spells              Type           Power      Damage    Failure   Level
a - Magic Dart            Conj           0%         1d3       45%         1
b - Momentum Strike       Conj/Tloc      0%         3d8       58%         2
c - Volatile Blastmotes   Fire/Tloc      0%         2d10      83%         3
Your spell library was empty.

Dungeon Overview and Level Annotations

Branches:
Dungeon (1/1)

Altars:
Cheibriados
Dithmenos
Elyvilon
Fedhas
Gozag
Hepliaklqana
Makhleb
Nemelex Xobeh
Okawaru
Qazlal
Ru
Trog
Uskayaw
Wu Jian
Xom
Yredelemnul
Zin
The Shining One
Jiyva
Lugonu


Innate Abilities, Weirdness & Mutations

You are immune to sickness and miasma.
You are immune to poison.
Your flesh is very heat resistant. (rF++)
You are vulnerable to cold. (rC-)
You float through the air rather than walking.
You learn spells naturally, not from books.
Your magical power is your life essence.
You have superior vitality. (+4 MHP)


Message History

You barely miss the polar bear.
The polar bear is no longer distracted by gold.
The polar bear growls angrily.
You hit the polar bear but do no damage.
The polar bear is distracted by your dazzling golden aura.
The polar bear growls angrily.
You hit the polar bear but do no damage.
The polar bear is no longer distracted by gold.
Blink to where?
Press: ? - help, Dir - move target
As you read the scroll of blinking, it crumbles to dust.
You start resting.
A polar bear is nearby!
You hit the polar bear.
The polar bear is lightly wounded.
You slash the polar bear!
The polar bear is moderately wounded.
The polar bear misses you.
The polar bear claws you but does no damage.
The polar bear claws you.
* * * LOW HITPOINT WARNING * * *
You slash the polar bear!
The polar bear is heavily wounded.
The polar bear misses you. The polar bear completely misses you.
The polar bear claws you.
* * * LOW HITPOINT WARNING * * *
You hit the polar bear.
The polar bear is heavily wounded.
You hit the polar bear.
The polar bear is severely wounded.
The polar bear bites you.
* * * LOW HITPOINT WARNING * * *
The polar bear barely misses you. The polar bear closely misses you.
You completely miss the polar bear.
The polar bear is severely wounded.
You hit the polar bear but do no damage.
The polar bear is severely wounded.
The polar bear bites you.
You die...
Your body crumbles into a pile of gold.

.### ...#### #.^##.# ??( +#
#. +..#..#▓!$??$ .## #..
#..#@.#▓$[[!$$ <.+ +..###
..##h#▓$$%$!)$ .##
#....###.h.##▓▓▓▓▓▓▓+ †##
##......~~~~~~~~~~~~~
..####~~.....~#c########+###
#..#~~~~~~~.§~#hh_._._.#~§~##
#.##~~~~~§§~.~#._._._..#~§≈≈#
'##~~~§≈≈§~~§~#_._._._.#~§§§§
~~~~~~~§§§≈~~~#._._._._#~~~§§


You could see a polar bear.

Vanquished Creatures
  A hornet (D)
  A water moccasin (D)
  4 necrophages (D)
6 creatures vanquished.

Notes
Turn   | Place    | Note
-------+----------+-------------------------------------------
     0 | D        | rocky1 the Djinni Gladiator began the quest for the Orb.
     0 | D        | Reached XP level 1. HP: 18/18 MP: 0/0
     1 | D        | Noticed a necrophage
     1 | D        | Noticed a necrophage
     1 | D        | Noticed a necrophage
     1 | D        | Noticed a necrophage
     5 | D        | Killed a necrophage
     6 | D        | Reached XP level 2. HP: 25/25 MP: 0/0
     6 | D        | Reached XP level 3. HP: 30/30 MP: 0/0
     6 | D        | Learned a level 1 spell: Magic Dart
     6 | D        | Reached XP level 4. HP: 35/35 MP: 0/0
     9 | D        | Killed a necrophage
    10 | D        | Reached skill level 5 in Long Blades
    10 | D        | Reached XP level 5. HP: 41/41 MP: 0/0
    10 | D        | Learned a level 2 spell: Momentum Strike
    35 | D        | Reached skill level 1 in Armour
    44 | D        | Reached XP level 6. HP: 24/48 MP: 0/0
   248 | D        | Found a shadowy altar of Dithmenos.
   248 | D        | Found a snail-covered altar of Cheibriados.
   248 | D        | Found a viscous altar of Jiyva.
   254 | D        | Found a white marble altar of Elyvilon.
   254 | D        | Found a hazy altar of Hepliaklqana.
   254 | D        | Found a sacrificial altar of Ru.
   255 | D        | Found a blossoming altar of Fedhas.
   255 | D        | Found a corrupted altar of Lugonu.
   256 | D        | Found an opulent altar of Gozag.
   256 | D        | Found a burning altar of Makhleb.
   256 | D        | Found a bloodstained altar of Trog.
   256 | D        | Found a shimmering altar of Xom.
   257 | D        | Found a stormy altar of Qazlal.
   257 | D        | Found an ornate altar of the Wu Jian Council.
   266 | D        | Found a glowing golden altar of the Shining One.
   266 | D        | Found a basalt altar of Yredelemnul.
   266 | D        | Found a hide-covered altar of Uskayaw.
   268 | D        | Found a glowing silver altar of Zin.
   268 | D        | Found a sparkling altar of Nemelex Xobeh.
   269 | D        | Found an iron altar of Okawaru.
   271 | D        | Noticed a water moccasin
   272 | D        | Noticed a water moccasin
   278 | D        | Became a worshipper of Gozag Ym Sagoz the Greedy
   280 | D        | Noticed a water moccasin
   297 | D        | Noticed a polar bear
   297 | D        | Noticed a hornet
   297 | D        | Noticed a polar bear
   298 | D        | Noticed a yaktaur
   298 | D        | Noticed a polar bear
   305 | D        | Killed a water moccasin
   314 | D        | Killed a hornet
   315 | D        | Reached skill level 5 in Fighting
   315 | D        | Reached XP level 7. HP: 4/54 MP: 0/0
   315 | D        | Learned a level 3 spell: Volatile Blastmotes
   333 | D        | Slain by a polar bear

Illustrated notes

Levels and vault maps discovered:
D:        the_violet_keep_of_menkaure [sprint2_stairs_cluster_1,
          sprint2_shoproom, sprint2_temple, sprint2_basic_supplies,
          sprint2_obstacle_7, sprint2_obstacle_5, sprint2_obstacle_4,
          sprint2_obstacle_1, sprint2_obstacle_6, sprint2_timed_cluster_1,
          sprint2_smallroom_cluster_1, sprint2_smallroom_final_cluster_1,
          sprint2_transparent_cluster_1, sprint2_second_timed_cluster_1,
          sprint2_sniper_area_1, sprint2_heavy_combat_area_1,
          sprint2_mutation_trap_area_1, sprint2_forest_area_1,
          sprint2_light_combat_area_1, sprint2_behind_water_1,
          sprint2_near_end_vault_1]

Skill      XL: |  1  2  3  4  5  6 |
---------------+-------------------+-----
Fighting       | 3 4 5 |  5.5
Long Blades    | 4 5 7 9 |  9.5
Throwing       | 2 3 4 |  4.2
Dodging        | 6 7 8 9 |  9.8
Armour         | 1 3 |  3.6

Action                     |  1- 3 |  4- 6 |  7- 9 || total
---------------------------+-------+-------+-------++-------
  Melee: Long sword        |     3 |    63 |    12 ||    78
         Punch             |       |     1 |       ||     1
  Throw: Throwing net      |       |     2 |       ||     2
    Use: Potion            |     1 |     2 |     1 ||     4
         Scroll            |       |       |     1 ||     1
 Armour: Leather armour    |     1 |    32 |     6 ||    39
  Dodge: Dodged            |       |    44 |     7 ||    51

Table legend: (Time is in decaauts)
 A = Elapsed time spent in this place.
 B = Non-inter-level travel time spent in this place.
 C = Inter-level travel time spent in this place.
 D = Time resting spent in this place.
 E = Time spent auto-exploring this place.
 F = Levels seen in this place.
 G = Mean time per level.
                   A        B        C        D        E       F      G
               +--------+--------+--------+--------+--------+-----+--------+
         Total |    336 |    336 |      0 |    182 |      0 |   1 |  336.0 |
       Dungeon |    336 |    336 |      0 |    182 |      0 |   1 |  336.0 |
               +--------+--------+--------+--------+--------+-----+--------+

Top non-repeatable levels by time:
       D: 336 daAuts
